AoeStats
← Drumstein

Arena

509416321Analyzed
4v4 RM · 5d ago on Sep 26, 2026· 63m 33s· 8 players
Game mode
Random Map
Map size
Large (8 player)
Population
200
Speed
Normal
Resources
Standard
Victory
Conquest
Starting age
Dark Age
Ending age
Imperial Age
RankedLock teamsTeams togetherTeam positionsShared explorationLock speedFull tech treeHidden civsTurbo modeCheats
Victory
Defeat
🇪🇸 Goths · Spain
950
+17
🇩🇪 Japanese · Germany
949
+17
🇨🇿 Italians · Czechia
944
+17
🇩🇰 Danes · Denmark
925
+17
🇩🇴 Byzantines · Dominican Republic
1000
-58
🇲🇽 Jurchens · Mexico
995
-19
🇨🇳 Slavs · China
951
-22
🇮🇳 Bohemians · India
900
-14
FallAutumn7731
12:28 Feudal Age
16:19 Castle Age
14:10 Double-Bit Axe
14:11 Horse Collar
20:58 Bow Saw
22:41 Wheelbarrow
22:58 Heavy Plow
24:29 Hand Cart
24:00 Loom
24:18 Gold Mining
25:51 Scale Barding Armor
26:53 Forging
27:18 Town Watch
27:45 Husbandry
27:56 Bloodlines
32:37 Imperial Age
30:08 Stone Mining
30:56 Treadmill Crane
31:37 Ballistics
31:30 Masonry
31:19 Murder Holes
31:19 Fletching
31:30 Scale Mail Armor
31:35 Squires
33:45 Chain Mail Armor
34:05 Iron Casting
33:26 Bodkin Arrow
34:17 Conscription
35:19 Two-Man Saw
34:03 Elite Huskarl
35:31 Stone Shaft Mining
36:03 Pikeman
37:52 Blast Furnace
36:43 Halberdier
38:53 Perfusion
40:04 Architecture
40:35 Chemistry
39:39 Bracer
40:36 Murder Holes
Chillpia
11:06 Feudal Age
12:54 Wheelbarrow
12:20 Double-Bit Axe
12:59 Horse Collar
17:24 Castle Age
15:17 Loom
19:10 Heavy Plow
20:04 Bow Saw
20:53 Hand Cart
21:11 Hand Cart
23:52 Fletching
24:40 Bodkin Arrow
26:05 Scale Mail Armor
26:16 Forging
31:18 Imperial Age
28:52 Stone Mining
29:53 Town Watch
31:00 Iron Casting
31:53 Masonry
35:53 Fortified Wall
37:04 Architecture
36:57 Ballistics
38:28 Crop Rotation
39:01 Two-Man Saw
38:34 Conscription
38:40 Conscription
40:00 Town Patrol
40:53 Silk Road
41:07 Bracer
42:34 Chemistry
41:30 Murder Holes
42:52 Elite Genoese Crossbowman
44:08 Hoardings
45:43 Blast Furnace
44:49 Scale Barding Armor
44:47 Padded Archer Armor
44:53 Scale Barding Armor
45:33 Husbandry
44:54 Cavalier
47:32 Caravan
48:12 Chain Barding Armor
48:12 Leather Archer Armor
53:08 Guilds
62:35 Ring Archer Armor
Drumstein
0:42 Loom
11:43 Feudal Age
12:10 Double-Bit Axe
18:33 Castle Age
16:14 Man-at-Arms
16:38 Horse Collar
17:30 Arson
19:40 Wheelbarrow
19:24 Bow Saw
20:54 Hand Cart
23:18 Squires
24:04 Long Swordsman
26:02 Murder Holes
26:28 Ballistics
29:41 Forging
31:52 Town Watch
32:29 Fletching
33:13 Gambesons
39:38 Imperial Age
36:41 Elite Skirmisher
37:28 Gold Mining
41:23 Two-Man Saw
41:00 Iron Casting
40:49 Conscription
39:54 Two-Handed Swordsman
39:54 Pikeman
40:59 Husbandry
41:02 Light Cavalry
42:03 Town Patrol
42:38 Guard Tower
43:23 Bloodlines
47:00 Chemistry
47:11 Kataparuto
46:53 Yasama
47:40 Heavy Plow
47:27 Treadmill Crane
47:58 Masonry
53:38 Halberdier
54:28 Thumb Ring
55:05 Stone Mining
55:57 Fortified Wall
58:47 Scale Barding Armor
58:43 Padded Archer Armor
58:43 Scale Mail Armor
60:20 Gold Shaft Mining
62:15 Caravan
64:28 Hoardings
Thetoymaker8700S
10:57 Feudal Age
10:40 Loom
12:01 Town Watch
17:21 Castle Age
20:59 Wheelbarrow
39:27 Squires
41:56 Arson
44:21 Forging
44:12 Scale Mail Armor
50:45 Imperial Age
59:58 Onager
McLain40
11:32 Feudal Age
12:25 Feudal Age
14:16 Double-Bit Axe
16:42 Castle Age
15:52 Wheelbarrow
18:54 Wheelbarrow
18:28 Gold Mining
20:14 Pikeman
23:11 Padded Archer Armor
35:27 Hand Cart
35:25 Bow Saw
35:35 Horse Collar
37:42 Treadmill Crane
38:15 Loom
38:50 Squires
39:39 Fortified Wall
39:40 Masonry
44:07 Siege Engineers
45:13 Scale Mail Armor
48:37 Imperial Age
darockstar686
10:26 Feudal Age
16:13 Castle Age
19:55 Fervor
20:58 Horse Collar
21:59 Double-Bit Axe
27:33 Heavy Plow
30:16 Wheelbarrow
30:27 Loom
30:28 Town Watch
30:52 Scale Mail Armor
30:53 Padded Archer Armor
30:45 Fletching
31:17 Ballistics
31:17 Bow Saw
31:53 Hand Cart
32:08 Murder Holes
33:09 Town Patrol
34:22 Chain Mail Armor
34:23 Leather Archer Armor
35:11 Chemistry
34:23 Masonry
34:40 Squires
38:28 Imperial Age
36:14 Wagenburg Tactics
35:43 Pikeman
36:10 Arson
37:30 Forging
37:15 Bodkin Arrow
37:33 Fortified Wall
37:16 Guard Tower
37:31 Caravan
37:04 Elite Skirmisher
39:01 Halberdier
40:13 Ring Archer Armor
40:13 Plate Mail Armor
40:21 Iron Casting
40:19 Architecture
40:47 Elite Hussite Wagon
41:48 Conscription
41:32 Bracer
41:21 Arrowslits
41:57 Bombard Tower
42:13 Keep
42:34 Siege Engineers
43:37 Houfnice
46:46 Blast Furnace
46:52 Two-Man Saw
小怪兽
0:30 Loom
11:22 Feudal Age
12:20 Man-at-Arms
17:01 Castle Age
18:24 Squires
17:47 Long Swordsman
18:37 Scale Barding Armor
18:35 Scale Mail Armor
22:11 Forging
28:36 Wheelbarrow
27:48 Double-Bit Axe
27:48 Horse Collar
29:10 Chain Mail Armor
34:01 Imperial Age
32:28 Hand Cart
32:28 Bow Saw
32:26 Heavy Plow
32:59 Gold Mining
32:59 Stone Mining
34:26 Pikeman
36:03 Gold Shaft Mining
35:18 Stone Mining
36:34 Two-Man Saw
36:14 Heavy Scorpion
38:43 Halberdier
42:26 Plate Mail Armor
42:31 Iron Casting
42:02 Scale Barding Armor
42:31 Siege Engineers
43:28 Chemistry
42:53 Detinets
43:14 Conscription
47:56 Chain Barding Armor
48:37 Blast Furnace
47:00 Elite Boyar
47:40 Druzhina
52:36 Plate Barding Armor
53:26 Murder Holes
54:57 Town Watch
54:59 Two-Handed Swordsman
56:03 Bloodlines
55:53 Husbandry
55:49 Fletching
Mandark39
8:43 Loom
11:48 Feudal Age
18:29 Castle Age
16:17 Double-Bit Axe
17:10 Horse Collar
28:27 Imperial Age
28:46 Heavy Plow
29:30 Fletching
32:11 Conscription
34:24 Chemistry
34:03 Bodkin Arrow
34:25 Forging
36:22 Wheelbarrow
35:56 Scale Barding Armor
36:22 Murder Holes
37:12 Husbandry
38:31 Hoardings
42:12 Chain Barding Armor
43:27 Fortified Wall
43:38 Ballistics
44:14 Iron Casting
48:22 Block Printing
52:38 Theocracy
52:31 Illumination
52:09 Elite Cataphract
53:16 Bow Saw
55:47 Hand Cart
58:31 Sanctity
59:22 Plate Barding Armor
Connection lost

Rejoining the realm…

Still unreachable

The connection could not be restored.

Session expired

The server has moved on; the page needs a fresh start.